AoeStats
← FirebirD

Arabia

509938411Analyzed
1v1 RM · 3d ago on Sep 28, 2026· 48m 0s· 2 players
Game mode
Random Map
Map size
Tiny (2 player)
Population
200
Speed
Normal
Resources
Standard
Victory
Conquest
Starting age
Dark Age
Ending age
Imperial Age
RankedLock teamsTeams togetherTeam positionsShared explorationLock speedFull tech treeHidden civsTurbo modeCheats
Victory
Defeat
🇪🇸 Aztecs · Spain
1804
+16
🇩🇪 Muisca · Germany
1802
-16
[FaFi] thomas.3
6:19 Loom
8:52 Feudal Age
9:13 Champi Runner
13:19 Fletching
13:55 Double-Bit Axe
21:35 Castle Age
19:22 Horse Collar
20:30 Padded Archer Armor
21:44 Crossbowman
22:20 Bodkin Arrow
21:49 Crossbowman
22:54 Bow Saw
22:54 Thumb Ring
24:49 Ballistics
25:06 Leather Archer Armor
26:01 Heavy Plow
27:13 Squires
27:14 Scale Mail Armor
27:09 Gold Mining
27:11 Stone Mining
29:55 Chain Mail Armor
31:21 Wheelbarrow
33:46 Imperial Age
32:18 Herbalism
32:30 Forging
34:26 Town Watch
36:22 Chemistry
36:49 Onager
38:01 Conscription
37:29 Champi Warrior
38:56 Elite Champi Warrior
40:07 Plate Mail Armor
39:22 Capped Ram
41:52 Masonry
44:11 Arbalester
45:52 Bracer
47:39 Iron Casting
46:52 Elite Temple Guard
47:14 Elite Skirmisher
FirebirD
7:00 Loom
9:31 Feudal Age
9:40 Man-at-Arms
14:13 Double-Bit Axe
15:43 Wheelbarrow
16:22 Fletching
21:31 Castle Age
19:40 Horse Collar
20:18 Gold Mining
21:33 Crossbowman
22:09 Bodkin Arrow
23:07 Bow Saw
23:57 Ballistics
25:23 Stone Mining
28:42 Elite Skirmisher
30:25 Padded Archer Armor
31:07 Town Watch
36:02 Imperial Age
34:27 Heavy Plow
34:52 Leather Archer Armor
36:05 Hand Cart
36:46 Bracer
37:47 Chemistry
40:59 Siege Engineers
42:43 Arbalester
44:17 Forging
44:50 Scale Mail Armor
45:23 Conscription
45:59 Chain Mail Armor
46:46 Iron Casting
47:07 Garland Wars
46:55 Elite Jaguar Warrior
48:12 Plate Mail Armor
Connection lost

Rejoining the realm…

Still unreachable

The connection could not be restored.

Session expired

The server has moved on; the page needs a fresh start.